 Dungeon Crawl Stone Soup version 0.17.0-28-g6e173f8 (webtiles) character file.

1738 allkash the Destroyer (level 8, -12/41 HPs)
             Began as a Deep Elf Conjurer on Nov 25, 2015.
             Was an Initiate of Vehumet.
             Mangled by a red ugly thing (16 damage)
             ... on level 6 of the Dungeon.
             The game lasted 01:34:10 (8316 turns).

allkash the Destroyer (Deep Elf Conjurer)           Turns: 8316, Time: 01:34:11

Health: -12/41     AC:  7    Str:  5    XL:     8   Next: 77%
Magic:  16/20      EV: 16    Int: 23    God:    Vehumet [......]
Gold:   261        SH:  0    Dex: 15    Spells: 4 memorised, 8 levels left

rFire  + . .     SeeInvis .     u - staff of fire
rCold  . . .     Clarity  +     e - +2 robe
rNeg   . . .     SustAt   .     (no shield)
rPois  +         Gourm    .     (no helmet)
rElec  .         Spirit   .     (no cloak)
rCorr  .         Warding  .     (no gloves)
rMut   .         Stasis   .     l - +2 pair of boots
MR     .....                    n - amulet of clarity
Stlth  +++.......               o - ring of poison resistance
                                r - ring of flight

@: not resistant to hostile enchantments, fairly stealthy
A: no striking features
a: Renounce Religion, Evoke Flight


You were on level 6 of the Dungeon.
You worshipped Vehumet.
Vehumet was noncommittal.
You were not hungry.

You visited 2 branches of the dungeon, and saw 8 of its levels.

You collected 319 gold pieces.
You spent 58 gold pieces at shops.

Inventory:

Armour
 e - a +2 robe (worn)
 l - a +2 pair of boots (worn)
 p - a +0 robe
Magical Staves
 u - an uncursed staff of fire (weapon)
Jewellery
 n - an amulet of clarity (around neck)
 o - a ring of poison resistance (right hand)
 r - a ring of flight (left hand)
 A - an uncursed ring of poison resistance
Wands
 v - a wand of flame (29)
Scrolls
 d - 2 scrolls of enchant weapon
 f - a scroll of noise
 i - 3 scrolls of immolation
 m - 6 scrolls of recharging
 q - a scroll of fear {unknown}
 B - a scroll of remove curse
Potions
 a - 2 potions of haste
 k - a potion of might {unknown}
 s - a potion of poison
 D - a potion of berserk rage {unknown}
Books
 b - a book of Conjurations

   Spells                             Type                      Level
   a - Magic Dart                     Conjuration                  1
   b - Searing Ray                    Conjuration                  2
   c - Dazzling Spray                 Conjuration/Hexes            3
   d - Fulminant Prism                Conjuration/Hexes            4
   e - Iskenderun's Mystic Blast      Conjuration                  4
   f - Iskenderun's Battlesphere      Conjuration/Charms           5
 g - a book of the Earth

   Spells                             Type                      Level
   a - Leda's Liquefaction            Hexes/Earth                  4
   b - Bolt of Magma                  Conjuration/Fire/Earth       5
   c - Statue Form                    Transmutation/Earth          6
   d - Iron Shot                      Conjuration/Earth            6
   e - Shatter                        Earth                        9
Comestibles
 h - a royal jelly
 j - a beef jerky


   Skills:
 + Level 6.8 Dodging
 + Level 5.5 Stealth
 + Level 6.7 Spellcasting
 + Level 8.5 Conjurations
 + Level 5.7 Charms


You had 8 spell levels left.
You knew the following spells:

 Your Spells              Type           Power        Failure   Level  Hunger
a - Magic Dart            Conj           ####         1%          1    None
b - Searing Ray           Conj           #####.       1%          2    None
c - Iskenderun's Mystic   Conj           #####...     2%          4    ###....
d - Iskenderun's Battles  Conj/Chrm      #####...     14%         5    #####..


Dungeon Overview and Level Annotations

Branches:
Dungeon (7/15)             Temple (1/1) D:6

Altars:
Ashenzari
Cheibriados
Elyvilon
Fedhas
Gozag
Kikubaaqudgha
Nemelex Xobeh
Ru
Vehumet
Xom
Yredelemnul
Zin
The Shining One

Shops:
D:4 *


Message History

The kobold hits you with a club.
* * * LOW HITPOINT WARNING * * *
The searing ray hits the red ugly thing.
The red ugly thing is lightly wounded.
The red ugly thing closely misses you.
The searing ray hits the red ugly thing.
The red ugly thing is lightly wounded.
The kobold hits you but does no damage.
The red ugly thing completely misses you.
The searing ray hits the red ugly thing.
The red ugly thing is moderately wounded.
The searing ray hits the kobold.
You kill the kobold!
Vehumet accepts your kill. The red ugly thing closely misses you.
The kobold closely misses you. The red ugly thing barely misses you.
The kobold hits you but does no damage.
The red ugly thing completely misses you.
The kobold hits you but does no damage. The red ugly thing pecks you!
You die...

.# #.###############.O.#.#######
.# #.................#..........
.# ##..##############............
.###...## ##....#######
.##.....##### #..........##
............#########.....####...
#..##.##.##.##............####...
..##.........########..#.....#...
.#............)u@K.)...#.###.##..
.#.#..⌠...⌠[.#.#######.#.##...#..
##.#.........#.# #.#.........
##......>......# #.####...###
##.#.........#.# #.# ##)####
.(.#..⌠...⌠..#.# #.# #....#
##.............# #.# ####.#
##.#.........### #.# #.#
##.##.##.##.##########.# #.#


You could see a red ugly thing and a kobold.

Vanquished Creatures
  Eustachio (D:5)
  Duvessa (D:5)
  A sky beast (D:5)
  3 ogres
  A big kobold (D:6)
  Blork the orc (D:4)
  2 giant frogs (D:6)
  A water moccasin zombie (D:5)
  2 scorpions
  Dowan (D:5)
  2 crimson imps (D:5)
  3 hounds
  An orc wizard (D:4)
  A gnoll shaman (D:4)
  A centaur zombie (D:6)
  Ijyb (D:3)
  Jessica (D:3)
  2 giant frog skeletons
  An iguana (D:4)
  3 worker ants
  3 hound skeletons
  2 gnolls
  8 adders
  An adder skeleton (D:6)
  6 worms
  3 giant geckos
  6 orcs
  A ball python (D:2)
  9 bats
  3 giant cockroaches
  8 goblins
  6 hobgoblins
  5 jackals
  11 kobolds
  A ball python skeleton (D:4)
  A giant gecko skeleton (D:5)
  3 giant newts
  A jackal skeleton (D:4)
  2 quokkas
  A quokka skeleton (D:4)
  5 rats
116 creatures vanquished.

Notes
Turn   | Place    | Note
--------------------------------------------------------------
     0 | D:1      | allkash the Deep Elf Conjurer began the quest for the Orb.
     0 | D:1      | Reached XP level 1. HP: 10/10 MP: 6/6
   145 | D:1      | Reached XP level 2. HP: 15/15 MP: 0/8
   331 | D:1      | Found a glowing golden altar of the Shining One.
   821 | D:1      | Learned a level 2 spell: Searing Ray
   925 | D:2      | Found a shimmering altar of Xom.
   931 | D:2      | Reached XP level 3. HP: 19/19 MP: 8/10
  1374 | D:2      | Reached skill level 5 in Conjurations
  1600 | D:3      | Noticed Jessica
  1968 | D:3      | Noticed Ijyb
  1980 | D:3      | Killed Ijyb
  1980 | D:3      | Reached XP level 4. HP: 22/24 MP: 0/12
  2075 | D:3      | Learned a level 4 spell: Iskenderun's Mystic Blast
  2944 | D:3      | Killed Jessica
  2944 | D:3      | Reached XP level 5. HP: 21/28 MP: 5/13
  2961 | D:3      | Learned a level 5 spell: Iskenderun's Battlesphere
  3467 | D:4      | Noticed an ogre
  3473 | D:4      | Killed an ogre
  3473 | D:4      | Reached skill level 6 in Conjurations
  3473 | D:4      | Reached XP level 6. HP: 32/32 MP: 2/15
  3684 | D:4      | Reached skill level 5 in Dodging
  3987 | D:4      | Reached skill level 5 in Spellcasting
  4327 | D:4      | Noticed Blork the orc
  4338 | D:4      | Killed Blork the orc
  4338 | D:4      | Reached skill level 1 in Charms
  4523 | D:4      | Found Joataf's Assorted Antiques.
  4529 | D:4      | Bought a scroll of identify for 58 gold pieces
  4639 | D:4      | Noticed an ogre
  4661 | D:4      | Killed an ogre
  4661 | D:4      | Reached skill level 7 in Conjurations
  4661 | D:4      | Reached XP level 7. HP: 25/36 MP: 11/16
  4957 | D:5      | Entered Level 5 of the Dungeon
  4975 | D:5      | Noticed Eustachio
  5486 | D:6      | Found a staircase to the Ecumenical Temple.
  5532 | D:6      | Found a sand-covered staircase.
  5802 | D:6      | Got an encrusted long sword
  6246 | D:5      | Reached XP level 8. HP: 23/41 MP: 12/18
  6634 | D:5      | Killed Eustachio
  6634 | D:5      | Reached skill level 8 in Conjurations
  6636 | D:5      | Found an opulent altar of Gozag.
  6807 | D:5      | Noticed Duvessa
  6818 | D:5      | Noticed Dowan
  6853 | D:6      | Reached skill level 5 in Charms
  6965 | D:5      | Killed Dowan
  7131 | D:6      | Reached skill level 5 in Stealth
  7361 | D:5      | Killed Duvessa
  7895 | Temple   | Entered the Ecumenical Temple
  7934 | Temple   | Became a worshipper of Vehumet
  8071 | D:7      | Found a basalt altar of Yredelemnul.
  8071 | D:7      | Noticed a red ugly thing
  8316 | D:6      | Mangled by a red ugly thing

Action                   |  1- 3 |  4- 6 |  7- 9 || total
-------------------------+-------+-------+-------++-------
Melee: Staff             |     1 |     3 |       ||     4
 Cast: Magic Dart        |    71 |    28 |    28 ||   127
       Searing Ray       |     7 |    15 |    23 ||    45
       Iskenderun's Myst |       |    26 |    25 ||    51
       Iskenderun's Batt |       |       |     6 ||     6
Evoke: Wand              |       |     1 |     3 ||     4
  Use: Scroll            |     4 |     4 |    10 ||    18
       Potion            |     1 |     2 |     3 ||     6
  Eat: Chunk             |     2 |     1 |     4 ||     7
       Bread ration      |     1 |     2 |     3 ||     6
       Beef jerky        |       |       |     1 ||     1
